 Dungeon Crawl Stone Soup version 0.30.0-13-g156ef70053 (webtiles) character file.

Game seed: 9830587241754717685

208 AlmostDecent the Shooter (level 5, 0/32 HPs)
             Began as a Gargoyle Hunter on May 17, 2023.
             Killed by an exploding goblin (16 damage)
             ... ignited by their inner flame
             ... on level 4 of the Dungeon.
             The game lasted 00:09:08 (2437 turns).

AlmostDecent the Shooter (Gargoyle Hunter)          Turns: 2437, Time: 00:09:08

Health: 0/32       AC: 22    Str: 14    XL:     5   Next: 86%
Magic:  5/5        EV:  7    Int: 10    God:
Gold:   140        SH:  0    Dex: 15    Spells: 4/4 levels left

rFire   + . .        a - +0 shortbow
rCold   . . .        (shield currently unavailable)
rNeg    + . .        e - +4 chain mail {rF+}
rPois   ∞            (no helmet)
rElec   +            m - +0 cloak
rCorr   .            q - +0 pair of gloves
SInv    .            (no boots)
Will    .....        i - amulet of magic regeneration Stlth
                     l - +4 ring of protection
HPRegen 0.25/turn    (no ring)
MPRegen 0.49/turn

%: no passive effects
@: no status effects
A: sickness immunity, AC +4, negative energy resistance 1, electricity
resistance, torment resistance 1, petrification resistance
a: no special abilities


You were on level 4 of the Dungeon.
You visited 1 branch of the dungeon, and saw 4 of its levels.

You collected 140 gold pieces.

Inventory:

Hand Weapons
 a - a +0 shortbow (weapon)
 g - a +4 quarterstaff of chaos
 r - a +0 war axe
 s - the +4 hammer of Wealth {venom, *Noise rN++}
   (You found it on level 2 of the Dungeon)

   rN:        It greatly protects you from negative energy.
   *Noise:    It may make noises in combat.
 t - a +0 long sword
Armour
 c - a +0 leather armour
 e - a +4 chain mail of fire resistance (worn)
 m - a +0 cloak (worn)
 q - a +0 pair of gloves (worn)
Jewellery
 i - an amulet of magic regeneration (around neck)
 l - a +4 ring of protection (left hand)
 v - a ring of resist corrosion
Scrolls
 b - 3 scrolls of immolation
 j - a scroll of teleportation {unknown}
 k - a scroll of enchant armour {unknown}
Potions
 d - 3 potions of brilliance
 f - a potion of haste {unknown}
 h - 2 potions of ambrosia
 n - 2 potions of attraction
 o - a potion of invisibility {unknown}
 p - 2 potions of curing
 u - a potion of magic {unknown}


   Skills:
 + Level 2.8 Fighting
 * Level 6.5 Ranged Weapons
 * Level 0.7 Armour
 - Level 1.7 Dodging
 - Level 1.1 Stealth


You had 4 spell levels left.
You didn't know any spells.
Your spell library contained the following spells:

 Spells                   Type           Power      Damage    Failure   Level
 Wereblood                Tmut           0%         N/A       100%        2
 Dazzling Flash           Conj/Hex       0%         N/A       100%        3
 Agony                    Necr           0%         N/A       100%        5
 Silence                  Hex/Air        0%         N/A       100%        5
 Summon Hydra             Summ           0%         N/A       100%        7
 Sublimation of Blood     Necr           Unusable   N/A       N/A         2

Dungeon Overview and Level Annotations

Branches:
Dungeon (4/15)
 Temple: D:4-7

Altars:

Shops:
D:1 [

Annotations:
D:4 Robin


Innate Abilities, Weirdness & Mutations

You are immune to sickness and miasma.
Your stone body is resilient. (AC +4)
You are immune to poison.
You resist negative energy. (rN+)
You are resistant to electric shocks. (rElec)
You are resistant to unholy torment.
You are immune to petrification.


Message History

Aim: a goblin, wielding a +0 dagger (inner flame, strong, 56% to hit)
You shoot an arrow. The arrow barely misses the goblin.
The goblin hits you but does no damage. The goblin misses you.
Robin laughs in a distinctly smug fashion.
Robin hits you but does no damage. The phantom hits you.
The hobgoblin completely misses you.
An adder comes into view.
Fire: a) +0 shortbow
Press: ? - help, Q - select action Shift-Dir - straight line, f/p - goblin
Aim: a goblin, wielding a +0 dagger (inner flame, strong, 56% to hit)
You shoot an arrow. The arrow barely misses the goblin.
The adder hisses angrily.
The goblin hits you but does no damage. The goblin closely misses you.
The phantom hits you but does no damage.
The hobgoblin hits you but does no damage.
Robin hits you from afar with a +0 spear.
The hobgoblin closely misses you. The goblin hits you but does no damage.
The phantom hits you but does no damage.
The goblin hits you but does no damage.
Fire: a) +0 shortbow
Press: ? - help, Q - select action Shift-Dir - straight line, f/p - goblin
Aim: a goblin, wielding a +0 dagger (inner flame, strong, 56% to hit)
You shoot an arrow. The arrow closely misses the goblin.
The goblin hits you but does no damage. The goblin barely misses you.
Robin closely misses you.
The phantom hits you but does no damage.
The hobgoblin hits you but does no damage.
Fire: a) +0 shortbow
Press: ? - help, Q - select action Shift-Dir - straight line, f/p - goblin
Aim: a goblin, wielding a +0 dagger (inner flame, strong, 56% to hit)
You shoot an arrow. The arrow hits the goblin!
The goblin explodes!
The fiery explosion engulfs the goblin!!
The fiery explosion engulfs the phantom!!
Flame seeps out of the phantom.
The phantom is almost destroyed.
The fiery explosion engulfs the hobgoblin!!!
The fiery explosion engulfs you! You resist.
Ouch! That really hurt!
You die...

...###.
.......
.......
......g
...Sg.g
....ggS
...ghgg##
..)gg§§@#
..#.##§W#
.§§g.
....#...
#.#.##.###
.. .. #.#
. ## #.#
#.#


You could see a phantom (inner flame), a howler monkey (inner flame), Robin
(inner flame), 4 gnolls, 2 adders, 3 hobgoblins and 3 goblins.

Vanquished Creatures
  Crazy Yiuf (D:2)
  Terence (D:3)
  Natasha (thrice) (D:2)
  A worm (D:3)
  5 dart slugs
  An orc (D:3)
  3 ball pythons
  4 bats
  4 endoplasms
  2 giant cockroaches
  8 goblins
  11 hobgoblins
  2 jackals (D:3)
  5 quokkas
  3 frilled lizards
  9 kobolds
  7 rats
70 creatures vanquished.

Notes
Turn   | Place    | Note
-------+----------+-------------------------------------------
     0 | D:1      | AlmostDecent the Gargoyle Hunter began the quest for the
                  | Orb.
     0 | D:1      | Reached XP level 1. HP: 12/12 MP: 1/1
    98 | D:1      | Found a faded altar of an unknown god.
   113 | D:1      | Found Jeatz's Armour Shop.
   150 | D:1      | Reached XP level 2. HP: 17/17 MP: 2/2
   445 | D:1      | Reached XP level 3. HP: 22/22 MP: 3/3
   726 | D:2      | Found a runed translucent door.
   727 | D:2      | Noticed Crazy Yiuf
   760 | D:2      | Reached skill level 5 in Ranged Weapons
   782 | D:2      | Noticed Natasha
   792 | D:2      | Killed Natasha
   793 | D:2      | Reached XP level 4. HP: 14/27 MP: 4/4
   960 | D:2      | Noticed Natasha
   971 | D:2      | Killed Natasha
   988 | D:2      | Noticed Natasha
   996 | D:2      | Killed Natasha
   997 | D:2      | Reached XP level 5. HP: 25/31 MP: 5/5
  1259 | D:2      | Reached skill level 6 in Ranged Weapons
  1608 | D:2      | HP: 1/31 [Crazy Yiuf/+4 quarterstaff of chaos (10)]
  1610 | D:2      | Killed Crazy Yiuf
  1613 | D:2      | Identified the +4 hammer of Wealth {venom, *Noise rN++}
  1844 | D:3      | Noticed Terence
  1854 | D:3      | Killed Terence
  2427 | D:4      | Noticed a phantom
  2429 | D:4      | Noticed Robin
  2437 | D:4      | Killed by an exploding goblin... ignited by their inner
                  | flame

Illustrated notes

Levels and vault maps discovered:
D:1:      dpeg_arrival_three_same_balls, layout_basic, serial_shops, shop,
          ebering_ecumenical_altar_rust
D:2:      minmay_wonky_spiral, layout_loops_ring, grunt_decor_one_mirror,
          uniq_natasha, uniq_crazy_yiuf_cottage
D:3:      layout_loops_cross, uniq_terence
D:4:      layout_rooms, gup_sewer_entry_spiral, uniq_robin, uniq_pikel

Skill      XL: |  1  2  3  4  5 |
---------------+----------------+-----
Ranged Weapons | 5 6 |  6.5
Fighting       | |  2.8
Armour         | |  0.7
Dodging        | |  1.7
Stealth        | |  1.1

Action                     |  1- 3 |  4- 6 || total
---------------------------+-------+-------++-------
   Fire: Shortbow          |    86 |   140 ||   226
    Use: Scroll            |       |     6 ||     6
 Armour: Leather armour    |    21 |    17 ||    38
         Chain mail        |       |    42 ||    42
  Dodge: Dodged            |    35 |    48 ||    83
